 Dungeon Crawl Stone Soup version 0.19-a0-1002-g674d22e (webtiles) character file.

37 epen the Charmwright (level 3, 0/28 HPs)
             Began as a Merfolk Skald on July 18, 2016.
             Slain by a goblin
             ... wielding a +0 hand axe
              (3 damage)
             ... on level 2 of the Dungeon.
             The game lasted 00:01:53 (892 turns).

epen the Charmwright (Merfolk Skald)                 Turns: 892, Time: 00:01:54

Health: 0/28       AC:  4    Str: 13    XL:     3   Next: 41%
Magic:  6/6        EV:  8    Int: 11    God:
Gold:   38         SH:  0    Dex: 13    Spells: 3 memorised, 0 levels left

rFire  . . .     SeeInvis .     a - +0 spear
rCold  . . .     Gourm    +     b - +0 leather armour
rNeg   . . .     Faith    .     (no shield)
rPois  .         Spirit   .     (no helmet)
rElec  .         Dismiss  .     (no cloak)
rCorr  .         Reflect  .     e - +0 pair of gloves
SustAt .         Harm     .     (no boots)
MR     .....                    f - amulet of the gourmand
Stlth  +.........               (no ring)
                                h - -3 ring of evasion (curse)

@: not resistant to hostile enchantments, very unstealthy
A: change form in water, swift swim
a: no special abilities


You were on level 2 of the Dungeon.
You were not hungry.

You visited 1 branch of the dungeon, and saw 2 of its levels.

You collected 38 gold pieces.

Inventory:

Hand Weapons
 a - a +0 spear (weapon)
Armour
 b - a +0 leather armour (worn)
 e - a +0 pair of gloves (worn)
 i - a cursed -1 scale mail
Jewellery
 f - an amulet of the gourmand (around neck)
 h - a cursed -3 ring of evasion (left hand)
Scrolls
 g - a scroll of enchant armour
 j - a scroll of identify {unknown}
Potions
 m - a potion of heal wounds {unknown}
Books
 c - a book of Battle

   Spells                             Type                      Level
   a - Infusion                       Charms                       1
   b - Shroud of Golubria             Charms/Translocation         2
   c - Song of Slaying                Charms                       2
   d - Spectral Weapon                Hexes/Charms                 3
   e - Regeneration                   Charms/Necromancy            3
Comestibles
 d - a bread ration
 l - a slice of pizza


   Skills:
 + Level 2.6 Fighting
 + Level 3.6 Polearms
 + Level 0.8 Armour
 + Level 1.3 Dodging
 * Level 2.4 Spellcasting
 * Level 0.0 Hexes
 * Level 3.7 Charms


You couldn't memorise any spells.
You knew the following spells:

 Your Spells              Type           Power        Failure   Level  Hunger
a - Infusion              Chrm           #...         10%         1    ##.....
b - Song of Slaying       Chrm           #.......     14%         2    ###....
c - Spectral Weapon       Hex/Chrm       #.......     63%         3    ####...


Dungeon Overview and Level Annotations

Branches:
Dungeon (2/15)

Altars:


Message History

The goblin is moderately wounded.
Your song is almost over.
The goblin hits you with a hand axe.
* * * LOW HITPOINT WARNING * * *
You open the door. The goblin hits you but does no damage.
There is an open door here.
Your song has ended.
You see here a short sword.
You are too injured to fight recklessly!
You are too injured to fight recklessly!
You barely miss the goblin.
The goblin is moderately wounded.
You closely miss the goblin.
The goblin is moderately wounded.
The goblin hits you with a hand axe.
* * * LOW HITPOINT WARNING * * *
You closely miss the goblin.
The goblin is moderately wounded.
The goblin hits you with a hand axe.
You die...

#...#.##..##
#......<...# .#
#...#.##.#.###.#
##'##..g.......#
#[##.##.#..##....
#w#####.#..##.#)# ##
#.#####.#..##.# .
##'#.........#.# #######
#..w.)g@.#.....# #......
#........##....###.##...
#........##.............
#................#......
#.......####.###.#.####.
##.#.............#.####.
#.#....####...<........
#.#.........#..........
#### #..........


You could see a worm and a goblin.

Vanquished Creatures
  A worm (D:2)
  2 giant cockroaches
  3 goblins
  4 hobgoblins
  7 jackals (D:2)
  5 bats
  5 kobolds (D:1)
  3 rats (D:1)
30 creatures vanquished.

Notes
Turn   | Place    | Note
-------+----------+-------------------------------------------
     0 | D:1      | epen the Merfolk Skald began the quest for the Orb.
     0 | D:1      | Reached XP level 1. HP: 16/16 MP: 3/3
   211 | D:1      | Reached XP level 2. HP: 17/23 MP: 5/5
   322 | D:1      | Learned a level 2 spell: Song of Slaying
   630 | D:2      | Reached XP level 3. HP: 13/28 MP: 4/6
   833 | D:2      | Learned a level 3 spell: Spectral Weapon
   892 | D:2      | Slain by a goblin

Vault maps used:
D:1:      dpeg_arrival_simpleton_c, item_on_display_a

Action                   || total
-------------------------++-------
Melee: Spear             ||   116
 Cast: Song of Slaying   ||     2
  Use: Scroll            ||     3
 Stab: Sleeping          ||     1
  Eat: Chunk             ||     4
Armor: Leather armour    ||    31
Dodge: Dodged            ||    55
